[Event "ICC tourney 1979 (3 2)"]
[Site "Internet Chess Club"]
[Date "2020.08.28"]
[Round "5"]
[White "PearsonH"]
[Black "NonnaThat"]
[Result "1-0"]
[ICCResult "Black checkmated"]
[WhiteElo "1415"]
[BlackElo "1862"]
[Opening "Queen's pawn: London system"]
[ECO "A45"]
[NIC "QP.07"]
[Time "20:51:25"]
[TimeControl "180+2"]

1. d4 Nf6 2. Bf4 e6 3. e3 b6 4. Nd2 Bb7 5. Ngf3 d6 6. c3 Nbd7 7. Bd3 Be7 8.
O-O O-O 9. Re1 Nh5 10. Bg3 Nxg3 11. hxg3 e5 12. e4 a5 13. a4 g6 14. Nc4 Bf6
15. Bc2 Bg7 16. Qd2 h6 17. Rad1 Qe7 18. Na3 Rfd8 19. Nb5 c6 20. Na3 Ba6 21.
Bd3 Bxd3 22. Qxd3 Nf6 23. Nd2 exd4 24. cxd4 Rac8 25. Rc1 Qb7 26. Rc2 Kh7 27.
Rec1 h5 28. Nf3 d5 29. e5 Ne4 30. Nd2 Bh6 31. Nxe4 dxe4 32. Qxe4 Bxc1 33.
Rxc1 Qd7 34. Rd1 c5 35. d5 Qg4 36. Qxg4 hxg4 37. Nc4 Rb8 38. Nd6 Kg7 39. Kf1
f6 40. Nc4 fxe5 41. Nxe5 Re8 42. Nc6 Rb7 43. d6 Rd7 44. f3 gxf3 45. gxf3 Re6
46. f4 Rexd6 47. Rxd6 Rxd6 48. Ne5 Rd2 49. Nc4 Rd4 50. Nxb6 Rb4 51. Nd5 Rxb2
52. Nc3 Kf6 53. Ne4+ Kf5 54. Nxc5 Kg4 55. Nd3 Ra2 56. Ne5+ Kxg3 57. Nxg6 Kf3
58. Ke1 Rxa4 59. f5 Rb4 60. Kd2 Rb5 61. f6 Rd5+ 62. Kc3 Rd7 63. Ne5+ Ke4 64.
Nxd7 Kf5 65. f7 Ke6 66. f8=Q Kxd7 67. Qa8 Kc7 68. Qxa5+ Kb7 69. Kc4 Kb8 70.
Qh5 Kc8 71. Qh7 Kb8 72. Kc5 Ka8 73. Kb6 Kb8 74. Qh8# {Black checkmated} 1-0

[Event "ICC tourney 1979 (3 2)"]
[Site "Internet Chess Club"]
[Date "2020.08.28"]
[Round "5"]
[White "weakfish"]
[Black "Baggs"]
[Result "1-0"]
[ICCResult "Black checkmated"]
[WhiteElo "1309"]
[BlackElo "1217"]
[Opening "French: Tarrasch"]
[ECO "C03"]
[NIC "FR.07"]
[Time "20:50:37"]
[TimeControl "180+2"]

1. e4 e6 2. d4 d5 3. Nd2 dxe4 4. Nxe4 Nc6 5. Bb5 Bd7 6. c3 a6 7. Ba4 Be7 8.
Nf3 Nf6 9. Nxf6+ Bxf6 10. O-O O-O 11. Bb3 Ne7 12. Re1 Nf5 13. Bf4 h6 14. Qd2
Nd6 15. Ne5 g5 16. Nxd7 Qxd7 17. Be5 Bxe5 18. dxe5 Rad8 19. exd6 cxd6 20.
Rad1 d5 21. Bc2 Qb5 22. Qd3 f5 23. Qxb5 axb5 24. Rxe6 Kg7 25. Rb6 Rde8 26.
Rxb7+ Kg6 27. Kf1 Re5 28. Re1 Rxe1+ 29. Kxe1 Ra8 30. a3 b4 31. Rxb4 Kf6 32.
Rb6+ Kg7 33. Bxf5 Re8+ 34. Kd2 Re5 35. Bd3 h5 36. a4 g4 37. a5 d4 38. cxd4
Rxa5 39. Ke3 Ra2 40. Kf4 Ra5 41. Rb5 Ra4 42. Ke4 Kh6 43. h3 gxh3 44. gxh3
Ra8 45. f4 Re8+ 46. Kf3 Re1 47. Rb6+ Kg7 48. b4 Rh1 49. Kg2 Rd1 50. Rb7+ Kf6
51. Rb6+ Kg7 52. Rg6+ Kf7 53. Rg3 Kf6 54. Kf2 Rd2+ 55. Ke3 Rb2 56. Rg5 h4
57. Rh5 Rxb4 58. Rxh4 Rb3 59. Rh6+ Kg7 60. Rc6 Rb2 61. h4 Rh2 62. h5 Rxh5
63. Rg6+ Kf7 64. Rg5 Rh3+ 65. Ke4 Rh1 66. Kd5 Rh2 67. Rf5+ Ke7 68. Re5+ Kf7
69. Be4 Rh8 70. f5 Rd8+ 71. Kc4 Rd6 72. Kd3 Ra6 73. Bd5+ Kf6 74. Be4 Ra3+
75. Kc4 Re3 76. Re6+ Kf7 77. Bd5 Rxe6 78. Bxe6+ Kf6 79. d5 Ke7 80. Kc5 Kd8
81. d6 Ke8 82. Kc6 Kd8 83. f6 Ke8 84. f7+ Kf8 85. d7 Ke7 86. f8=Q+ Kxe6 87.
d8=Q Ke5 88. Qde7+ Kd4 89. Qfd8+ Kc4 90. Qe4+ Kb3 91. Qdd3+ Kb2 92. Qee2+
Kc1 93. Qdd1# {Black checkmated} 1-0

[Event "ICC tourney 1979 (3 2)"]
[Site "Internet Chess Club"]
[Date "2020.08.28"]
[Round "6"]
[White "shrey16ultimate"]
[Black "strangerthingz"]
[Result "0-1"]
[ICCResult "White checkmated"]
[WhiteElo "1417"]
[BlackElo "1370"]
[Opening "Queen's pawn, Mason variation"]
[ECO "D00"]
[NIC "QP.08"]
[Time "21:03:40"]
[TimeControl "180+2"]

1. d4 d5 2. Bf4 Nf6 3. e3 Bf5 4. c4 c6 5. Nc3 e6 6. Nf3 Nbd7 7. Qb3 Qb6 8.
c5 Qxb3 9. axb3 Be7 10. b4 O-O 11. b5 Nh5 12. bxc6 bxc6 13. Be5 Nxe5 14.
Nxe5 Nf6 15. Nxc6 Bd8 16. Rxa7 Rxa7 17. Nxa7 Ba5 18. Nb5 Ra8 19. Be2 Bxc3+
20. Nxc3 Ra1+ 21. Bd1 Ne4 22. Nxe4 Bxe4 23. O-O Rb1 24. b3 Bd3 25. Bc2 Rxf1#
{White checkmated}
0-1

[Event "ICC tourney 1979 (3 2)"]
[Site "Internet Chess Club"]
[Date "2020.08.28"]
[Round "6"]
[White "EsatERGIN"]
[Black "BillietheKid"]
[Result "1-0"]
[ICCResult "Black resigns"]
[WhiteElo "1668"]
[BlackElo "1457"]
[Opening "French: exchange variation"]
[ECO "C01"]
[NIC "FR.01"]
[Time "21:03:42"]
[TimeControl "180+2"]

1. e4 e6 2. d4 d5 3. exd5 exd5 4. Bd3 Nf6 5. Nf3 Bd6 6. O-O O-O 7. Bg5 c6 8.
Nbd2 Bg4 9. c3 Nbd7 10. Qc2 Qc7 11. Rae1 Rfe8 12. Bh4 h6 13. Bg3 Ne4 14.
Nxe4 Bxg3 15. Nxg3 Bxf3 16. gxf3 Nf6 17. Qd2 Qd7 18. Qf4 Qh3 19. Bf5 g5 20.
Qd6 Rxe1 21. Rxe1 {Black resigns} 1-0

[Event "ICC tourney 1979 (3 2)"]
[Site "Internet Chess Club"]
[Date "2020.08.28"]
[Round "6"]
[White "ab4gm"]
[Black "wildrumpus"]
[Result "0-1"]
[ICCResult "White checkmated"]
[WhiteElo "1339"]
[BlackElo "1289"]
[Opening "Caro-Kann defense"]
[ECO "B10"]
[NIC "CK.01"]
[Time "21:03:47"]
[TimeControl "180+2"]

1. e4 c6 2. Nf3 d5 3. exd5 cxd5 4. d4 Bg4 5. Nc3 Nf6 6. Bb5+ Nbd7 7. h3 Bxf3
8. Qxf3 e6 9. Bg5 Be7 10. Na4 a6 11. Bxd7+ Qxd7 12. Nc5 Bxc5 13. dxc5 Ne4
14. Be3 Qb5 15. Bd4 O-O 16. Qg4 f6 17. Qxe6+ Kh8 18. Qxd5 Rae8 19. Qb3 Ng3+
20. Be3 Qe2# {White checkmated} 0-1

[Event "ICC tourney 1979 (3 2)"]
[Site "Internet Chess Club"]
[Date "2020.08.28"]
[Round "6"]
[White "CastledQueen"]
[Black "stephenwilly"]
[Result "0-1"]
[ICCResult "White resigns"]
[WhiteElo "1471"]
[BlackElo "1473"]
[Opening "Sicilian: wing gambit"]
[ECO "B20"]
[NIC "SI.48"]
[Time "21:04:19"]
[TimeControl "180+2"]

1. e4 c5 2. b4 cxb4 3. Bb2 Nc6 4. d4 d5 5. e5 Bf5 6. Bd3 Bxd3 7. Qxd3 e6 8.
Nf3 Nge7 9. Nbd2 Ng6 10. h4 Nf4 11. Qf1 a6 12. h5 b3 13. axb3 Nb4 14. Rc1
Rc8 15. g3 Nxc2+ 16. Kd1 Nb4 17. Rxc8 Qxc8 18. gxf4 Qc2+ 19. Ke1 Nd3+ 20.
Ke2 Nxb2 21. Ke3 Bb4 22. Qe2 Qc3+ {White resigns} 0-1

[Event "ICC tourney 1979 (3 2)"]
[Site "Internet Chess Club"]
[Date "2020.08.28"]
[Round "6"]
[White "VirginiaGuy"]
[Black "kurohaze"]
[Result "0-1"]
[ICCResult "White forfeits on time"]
[WhiteElo "1266"]
[BlackElo "1373"]
[Opening "Queen's pawn game, Rubinstein (Colle-Zukertort) variation"]
[ECO "D05"]
[NIC "QP.08"]
[Time "21:03:34"]
[TimeControl "180+2"]

1. d4 d5 2. Nf3 e6 3. e3 Nf6 4. Bd3 c5 5. b3 Nc6 6. Nbd2 cxd4 7. exd4 Bd6 8.
Bb2 O-O 9. O-O Re8 10. Ne5 Qc7 11. f4 Bd7 12. a3 a6 13. Rf3 Bf8 14. Rh3 g6
15. Rc1 Nxe5 16. fxe5 Nh5 17. Qg4 Bh6 18. Rd1 Bxd2 19. Rxd2 Ng7 20. Qh4 h5
21. Rf2 Bb5 {White forfeits on time} 0-1

[Event "ICC tourney 1979 (3 2)"]
[Site "Internet Chess Club"]
[Date "2020.08.28"]
[Round "6"]
[White "NonnaThat"]
[Black "weakfish"]
[Result "1-0"]
[ICCResult "Black checkmated"]
[WhiteElo "1863"]
[BlackElo "1308"]
[Opening "Caro-Kann: classical, 6.h4"]
[ECO "B18"]
[NIC "CK.12"]
[Time "21:03:40"]
[TimeControl "180+2"]

1. e4 c6 2. d4 d5 3. Nd2 dxe4 4. Nxe4 Bf5 5. Ng3 Bg6 6. h4 h6 7. h5 Bh7 8.
Nf3 Nd7 9. Bd3 Bxd3 10. Qxd3 Ngf6 11. Bd2 e6 12. O-O-O Be7 13. Ne4 Nxe4 14.
Qxe4 Nf6 15. Qe2 O-O 16. Kb1 a5 17. Ne5 Qxd4 18. Ng6 fxg6 19. Qxe6+ Kh7 20.
Qxe7 Qxf2 21. hxg6+ Kxg6 22. Qxb7 Rab8 23. Qc7 Rfc8 24. Qxa5 Qd4 25. Bc3 Qc4
26. Bxf6 gxf6 27. Qh5+ Kg7 28. Rd7+ Kg8 29. Qg6+ Kh8 30. Rxh6#
{Black checkmated}
1-0

[Event "ICC tourney 1979 (3 2)"]
[Site "Internet Chess Club"]
[Date "2020.08.28"]
[Round "6"]
[White "Baggs"]
[Black "Aadarsh99"]
[Result "1-0"]
[ICCResult "Black checkmated"]
[WhiteElo "1224"]
[BlackElo "1297"]
[Opening "Queen's pawn"]
[ECO "A40"]
[NIC "QO.17"]
[Time "21:03:36"]
[TimeControl "180+2"]

1. d4 e6 2. Nc3 d5 3. Bf4 Nf6 4. e3 c5 5. Nb5 Na6 6. c3 Bd7 7. a4 Bxb5 8.
axb5 Nc7 9. Bxc7 Qxc7 10. Nf3 b6 11. dxc5 bxc5 12. Qa4 Bd6 13. b6+ Qd7 14.
b7 Rb8 15. Bb5 Rxb7 16. Bxd7+ Rxd7 17. O-O O-O 18. Qc6 Rb8 19. Ra6 Rbd8 20.
Rfa1 Rc7 21. Qb5 h6 22. Rxa7 Rcc8 23. g3 Rb8 24. Qa4 Rxb2 25. Ra8 Rbb8 26.
Rxb8 Rxb8 27. Qc6 Rd8 28. Ra8 Rxa8 29. Qxa8+ Kh7 30. Qc6 Be5 31. Qxc5 Bb8
32. Qc8 Bd6 33. Nd4 Be5 34. f4 Bxd4 35. exd4 Kg6 36. c4 dxc4 37. Qxc4 Kh7
38. Qd3+ Kg8 39. h3 Kf8 40. g4 Kg8 41. g5 hxg5 42. fxg5 Nh7 43. h4 f6 44.
Qg6 fxg5 45. hxg5 Nf8 46. Qe8 e5 47. dxe5 g6 48. e6 Kg7 49. e7 Nh7 50. Qd7
Nxg5 51. e8=Q+ Kh6 52. Qh8+ Nh7 53. Qdxh7+ Kg5 54. Qh4+ Kf5 55. Q8f6#
{Black checkmated}
1-0

[Event "ICC tourney 1979 (3 2)"]
[Site "Internet Chess Club"]
[Date "2020.08.28"]
[Round "6"]
[White "Snuffleupegus"]
[Black "blackjack721"]
[Result "1-0"]
[ICCResult "Black checkmated"]
[WhiteElo "1509"]
[BlackElo "1316"]
[Opening "Réti: King's Indian attack (Barcza system)"]
[ECO "A07"]
[NIC "QP.09"]
[Time "21:03:40"]
[TimeControl "180+2"]

1. Nf3 d5 2. g3 c6 3. Bg2 Bf5 4. O-O Nf6 5. d3 Nbd7 6. Nc3 e5 7. e4 Bg4 8.
Qe1 d4 9. Ne2 Bd6 10. h3 Be6 11. Nh2 h5 12. f4 Qc7 13. f5 Nxe4 14. Bxe4 Bd5
15. Bxd5 cxd5 16. Nxd4 e4 17. dxe4 Bxg3 18. Qe2 O-O 19. Rf3 h4 20. Ng4 dxe4
21. Qxe4 Rae8 22. Qd3 Re1+ 23. Rf1 Ne5 24. Nxe5 Rxf1+ 25. Qxf1 Qxe5 26. Nf3
Qxf5 27. Be3 Qxh3 28. Qxh3 f5 29. Rd1 f4 30. Bc5 Rf7 31. Qe6 h3 32. Rd8+ Kh7
33. Qxf7 h2+ 34. Nxh2 Kh6 35. Ng4+ Kg5 36. Qxg7+ Kf5 37. Rd5+ Ke4 38. Qd4+
Kf3 39. Nh2+ Bxh2+ 40. Kxh2 b6 41. Qf2+ Ke4 42. Rd4+ Ke5 43. Qxf4+ Ke6 44.
Rd6+ Ke7 45. Qf6+ Ke8 46. Rd8# {Black checkmated} 1-0

[Event "ICC tourney 1979 (3 2)"]
[Site "Internet Chess Club"]
[Date "2020.08.28"]
[Round "6"]
[White "Chesschamp27"]
[Black "hursha6b5"]
[Result "0-1"]
[ICCResult "White checkmated"]
[WhiteElo "1476"]
[BlackElo "1591"]
[Opening "Queen's pawn game"]
[ECO "D04"]
[NIC "QP.08"]
[Time "21:03:40"]
[TimeControl "180+2"]

1. d4 d5 2. Nf3 Nf6 3. e3 Bf5 4. Bd3 Bxd3 5. Qxd3 c6 6. c3 e6 7. Nbd2 Bd6 8.
e4 dxe4 9. Nxe4 Nxe4 10. Qxe4 Nd7 11. Bg5 Qb6 12. O-O-O O-O 13. Be3 a5 14.
Ng5 Nf6 15. Qh4 a4 16. d5 Bc5 17. Bxc5 Qxc5 18. dxe6 a3 19. exf7+ Kh8 20.
Rd4 axb2+ 21. Kxb2 Qa3+ 22. Kb1 Qxa2+ 23. Kc1 Qe2 24. Ra4 b5 25. Rxa8 Rxa8
26. Kb1 Qd3+ 27. Kc1 Qxc3+ 28. Kd1 Rd8+ 29. Ke2 Qd3+ 30. Ke1 Qd2+ 31. Kf1
Qd1# {White checkmated} 0-1

[Event "ICC tourney 1979 (3 2)"]
[Site "Internet Chess Club"]
[Date "2020.08.28"]
[Round "6"]
[White "kushagra12"]
[Black "oxdidi"]
[Result "0-1"]
[ICCResult "White checkmated"]
[WhiteElo "1308"]
[BlackElo "1142"]
[Opening "Giuoco Piano"]
[ECO "C44"]
[NIC "SO.06"]
[Time "21:03:38"]
[TimeControl "180+2"]

1. e4 e5 2. Nf3 Nc6 3. d4 exd4 4. Bc4 Bc5 5. c3 Nf6 6. cxd4 Bb4+ 7. Bd2
Bxd2+ 8. Nbxd2 O-O 9. e5 Qe7 10. O-O Ne8 11. Re1 a6 12. d5 Na5 13. Bb3 Nxb3
14. Nxb3 b5 15. Nbd4 d6 16. Nf5 Bxf5 17. exd6 Qxd6 18. Ng5 Nf6 19. Qf3 Bg4
20. Qd3 Qxd5 21. Qg3 h6 22. Re5 Qd6 23. h3 Be6 24. Nxe6 fxe6 25. Rae1 Qd2
26. Rxe6 Qxb2 27. Re7 Nh5 28. Qh4 Rad8 29. Qxh5 Qxf2+ 30. Kh2 Qf4+ 31. Kg1
Qf2+ 32. Kh1 Rd7 33. Qg4 Rxe7 34. Rxe7 Qf1+ 35. Kh2 Qf6 36. Rxc7 Qd6+ 37.
Qg3 Qxg3+ 38. Kxg3 Rf6 39. Ra7 Rg6+ 40. Kh2 Kh7 41. g4 Rd6 42. Kg3 Rd2 43.
Rxa6 Rd3+ 44. Kh4 g5+ 45. Kh5 Rxh3# {White checkmated} 0-1

[Event "ICC tourney 1979 (3 2)"]
[Site "Internet Chess Club"]
[Date "2020.08.28"]
[Round "6"]
[White "challenger2010"]
[Black "JGroder"]
[Result "1/2-1/2"]
[ICCResult "Game drawn by repetition"]
[WhiteElo "2021"]
[BlackElo "1515"]
[Opening "Sicilian: Canal-Sokolsky (Nimzovich-Rossolimo, Moscow) attack"]
[ECO "B51"]
[NIC "SI.01"]
[Time "21:03:37"]
[TimeControl "180+2"]

1. e4 c5 2. Nf3 d6 3. Bb5+ Nc6 4. O-O e6 5. d4 cxd4 6. Nxd4 Bd7 7. c4 Nf6 8.
Nc3 Be7 9. Be3 a6 10. Ba4 Nxd4 11. Bxd7+ Nxd7 12. Bxd4 Ne5 13. Qb3 Qc7 14.
Rac1 g5 15. Na4 h5 16. c5 O-O 17. cxd6 Qxd6 18. Bc5 Qc7 19. Bb6 Qd7 20. Rc7
Qe8 21. Rxb7 Rb8 22. Rxb8 Qxb8 23. Bc5 Qxb3 24. axb3 Bxc5 25. Nxc5 Rb8 26.
Rc1 Rb5 27. Rc3 h4 28. g3 hxg3 29. hxg3 a5 30. f4 gxf4 31. gxf4 Ng6 32. f5
exf5 33. exf5 Ne7 34. f6 Nd5 35. Rg3+ Kf8 36. Ne4 Rb4 37. Rd3 Rxe4 38. Rxd5
Re6 39. Rd8+ Re8 40. Rd5 Re6 41. Rd8+ Re8 42. Rd5 Re6 43. Rd8+ Re8 44. Rd5
Re6 {Game drawn by repetition} 1/2-1/2

[Event "ICC tourney 1979 (3 2)"]
[Site "Internet Chess Club"]
[Date "2020.08.28"]
[Round "6"]
[White "QueenHM"]
[Black "ChessMonkey123"]
[Result "0-1"]
[ICCResult "White checkmated"]
[WhiteElo "1404"]
[BlackElo "1370"]
[Opening "KGA: bishop's gambit, Bledow variation"]
[ECO "C33"]
[NIC "KG.03"]
[Time "21:03:38"]
[TimeControl "180+2"]

1. e4 e5 2. f4 exf4 3. Bc4 d5 4. Bxd5 Qh4+ 5. Kf1 c6 6. Bb3 Nf6 7. Nf3 Qg4
8. d3 Bc5 9. Nc3 Nbd7 10. Ne2 O-O 11. Bxf4 h6 12. Bg3 Re8 13. h3 Qg6 14. Nh4
Qh5 15. Nf4 Qxd1+ 16. Rxd1 g5 17. Nf5 gxf4 18. Bxf4 Kh7 19. Bxh6 Bb6 20. Be3
Bxe3 21. Nxe3 Nb6 22. Bxf7 Rf8 23. Bb3 Nxe4+ 24. Ke2 Ng3+ 25. Kd2 Bd7 26.
Rhe1 Rf2+ 27. Kc3 Ne2+ 28. Kb4 Nd4 29. Nc4 Nd5+ 30. Ka3 Nb5+ 31. Ka4 c5 32.
Ne5 Nbc3+ 33. Ka3 Nb5+ 34. Ka4 Ndc3+ 35. Ka5 b6+ 36. Ka6 Bc8# {White
checkmated} 0-1

[Event "ICC tourney 1979 (3 2)"]
[Site "Internet Chess Club"]
[Date "2020.08.28"]
[Round "6"]
[White "Snowzera"]
[Black "ztraynor"]
[Result "1-0"]
[ICCResult "Black forfeits on time"]
[WhiteElo "1220"]
[BlackElo "1097"]
[Opening "Caro-Kann: advance variation"]
[ECO "B12"]
[NIC "CK.04"]
[Time "21:03:32"]
[TimeControl "180+2"]

1. e4 c6 2. d4 d5 3. e5 Bf5 4. Nc3 e6 5. Nf3 c5 6. Be2 Nc6 7. dxc5 Bxc5 8.
a3 a5 9. Bb5 Ne7 10. Bg5 O-O 11. Bxc6 bxc6 12. O-O h6 13. Bf4 Ng6 14. Qd2
Nxf4 15. Qxf4 Bxc2 16. Qg3 Bf5 17. Ne2 Rb8 18. Nf4 g5 19. Nh5 Bg6 20. Nf6+
Kh8 21. h4 Be7 22. hxg5 Bxf6 23. exf6 hxg5 24. Qxg5 Rg8 25. Qh6+ Bh7 26. Ng5
Rxg5 27. Qxg5 Qg8 28. Qg7+ Qxg7 29. fxg7+ Kxg7 30. Rac1 Rxb2 31. Rxc6 Bd3
32. Ra1 Kf6 33. Rc5 Bb5 34. a4 Bc4 35. Rxa5 Ra2 36. Rxa2 Bxa2 37. Ra7 Bc4
38. a5 Bb5 39. Rb7 Bc4 40. Rb6 d4 41. a6 Bd5 42. Rb4 d3 43. Rd4
{Black forfeits on time}
1-0

[Event "ICC tourney 1979 (3 2)"]
[Site "Internet Chess Club"]
[Date "2020.08.28"]
[Round "6"]
[White "SuperBlueSky"]
[Black "clair"]
[Result "1-0"]
[ICCResult "Black checkmated"]
[WhiteElo "1371"]
[BlackElo "1268"]
[Opening "Modern defense"]
[ECO "A40"]
[NIC "QO.17"]
[Time "21:03:37"]
[TimeControl "180+2"]

1. d4 g6 2. c4 Bg7 3. Nc3 e6 4. e4 Ne7 5. Nf3 d5 6. cxd5 exd5 7. e5 O-O 8.
h4 h6 9. h5 g5 10. Qc2 Bf5 11. Bd3 Bxd3 12. Qxd3 f5 13. exf6 Bxf6 14. Bd2
Nbc6 15. O-O-O Nb4 16. Qb1 Rc8 17. a3 Nbc6 18. Qd3 Qd7 19. Rde1 Nf5 20. Ne5
Nxe5 21. dxe5 Bg7 22. e6 Qc6 23. e7 Rf7 24. Qxd5 Bxc3 25. Qxc6 Bxd2+ 26.
Kxd2 bxc6 27. e8=Q+ Rxe8 28. Rxe8+ Kg7 29. Ra8 Nd4 30. Ke3 Nf5+ 31. Kd2 Nd6
32. Rxa7 Rxf2+ 33. Kc3 Rxg2 34. Rxc7+ Kf6 35. Rf1+ Ke5 36. Re7+ Kd5 37. Rd1+
Kc5 38. b4+ Kb6 39. Rxd6 Rg3+ 40. Kc4 Rxa3 41. Ree6 Rh3 42. Rxc6+ Kb7 43.
Rxh6 g4 44. Rcg6 g3 45. Rh7+ Kc8 46. Rg8# {Black checkmated} 1-0

[Event "ICC tourney 1979 (3 2)"]
[Site "Internet Chess Club"]
[Date "2020.08.28"]
[Round "6"]
[White "PearsonH"]
[Black "sanjayselvam"]
[Result "1-0"]
[ICCResult "Black resigns"]
[WhiteElo "1435"]
[BlackElo "1476"]
[Opening "Queen's pawn: London system"]
[ECO "A45"]
[NIC "QP.07"]
[Time "21:03:56"]
[TimeControl "180+2"]

1. d4 Nf6 2. Bf4 d5 3. e3 e6 4. Nf3 Be7 5. Nbd2 c6 6. Bd3 Nbd7 7. Ne5 O-O 8.
O-O h6 9. c3 c5 10. Qe2 b6 11. Nc6 Qe8 12. Nxe7+ Qxe7 13. Nf3 Bb7 14. Ne5
Rac8 15. Bg3 Ne4 16. Bf4 Nxe5 17. Bxe5 f6 18. Bf4 g5 19. Bg3 f5 20. Qh5 Nxg3
21. hxg3 Qg7 22. g4 Bc6 23. gxf5 exf5 24. f4 gxf4 25. exf4 cxd4 26. cxd4
Qxd4+ 27. Kh1 Qf6 28. Rf3 d4 29. Rg3+ Kh7 30. Re1 Rc7 31. b3 Bd5 32. Bc4
Bxc4 33. bxc4 Rxc4 34. Re7+ Kh8 35. Rg6 Qxe7 36. Rxh6+ Kg8 37. Rg6+ Qg7 38.
Rxg7+ Kxg7 39. Qg5+ Kf7 40. Qxf5+ Ke8 41. Qe6+ Kd8 42. Qxc4 Rh8+ 43. Kg1 Re8
44. Qxd4+ {Black resigns} 1-0

[Event "ICC tourney 1979 (3 2)"]
[Site "Internet Chess Club"]
[Date "2020.08.28"]
[Round "6"]
[White "drberkley"]
[Black "chessrex"]
[Result "0-1"]
[ICCResult "White resigns"]
[WhiteElo "1567"]
[BlackElo "1956"]
[Opening "Vienna game"]
[ECO "C25"]
[NIC "VG.04"]
[Time "21:03:45"]
[TimeControl "180+2"]

1. e4 e5 2. Nc3 d6 3. f4 Nc6 4. Nf3 Bg4 5. h3 Bxf3 6. Qxf3 Nd4 7. Qd1 Nf6 8.
d3 Be7 9. Be2 Nxe2 10. Nxe2 Nh5 11. O-O Nxf4 12. Nxf4 exf4 13. Bxf4 O-O 14.
Qg4 Qc8 15. Qg3 Qe6 16. b3 Qg6 17. Qf3 Bf6 18. Rae1 Be5 19. Bxe5 dxe5 20.
Qf5 Qxf5 21. exf5 f6 22. d4 exd4 23. Re7 Rf7 24. Rfe1 Kf8 25. R7e4 Rd8 26.
Rd1 c5 27. c3 Rfd7 28. cxd4 Rxd4 29. Rdxd4 Rxd4 30. Re2 b6 31. g4 Rd8 32.
Kg2 Re8 33. Rd2 Ke7 34. Kf3 Rd8 35. Re2+ Kd7 36. h4 Re8 37. Rd2+ Kc7 38. Kf4
Kc6 39. g5 b5 40. Rc2 Rd8 41. Re2 Rd4+ 42. Kg3 c4 43. bxc4 bxc4 44. Re7 c3
45. Re3 Rc4 46. Re1 Kd5 47. Rc1 Kd4 48. Kf3 Kd3 49. Rd1+ Kc2 50. Rd6 fxg5
51. hxg5 Kb1 52. f6 gxf6 53. gxf6 c2 54. f7 Rc8 55. Rc6 Rf8 56. Rxc2 Kxc2
{White resigns}
0-1

[Event "ICC tourney 1979 (3 2)"]
[Site "Internet Chess Club"]
[Date "2020.08.28"]
[Round "6"]
[White "UltimateDL"]
[Black "Jeffchess"]
[Result "1-0"]
[ICCResult "Black checkmated"]
[WhiteElo "1262"]
[BlackElo "1289"]
[Opening "Caro-Kann defense"]
[ECO "B12"]
[NIC "CK.01"]
[Time "21:03:43"]
[TimeControl "180+2"]

1. e4 c6 2. d4 a5 3. c4 a4 4. Nc3 a3 5. bxa3 e6 6. e5 Bxa3 7. Bxa3 Rxa3 8.
Ne4 Qa5+ 9. Qd2 Qxd2+ 10. Kxd2 Ke7 11. Nd6 Nh6 12. Nf3 Nf5 13. Bd3 Nxd6 14.
exd6+ Kxd6 15. Ne5 Ke7 16. c5 f6 17. Nc4 Ra4 18. Kc3 Na6 19. a3 b5 20. Nb6
Ra5 21. Rhe1 Nc7 22. Kb4 Ra6 23. Be4 Nd5+ 24. Bxd5 cxd5 25. Nxd5+ Kf7 26.
Nb6 Ra4+ 27. Nxa4 bxa4 28. Kxa4 Bb7 29. f3 Bd5 30. Kb4 Rb8+ 31. Kc3 Rb3+ 32.
Kc2 Rb5 33. Reb1 Ra5 34. a4 g5 35. Rb5 Ra6 36. a5 Bc6 37. Rb6 Ra7 38. a6 g4
39. fxg4 Bxg2 40. Rg1 Be4+ 41. Kc3 Bc6 42. Rg3 Kg6 43. h4 h6 44. Kc4 Bd5+
45. Kb5 Bc6+ 46. Ka5 h5 47. gxh5+ Kxh5 48. Rxc6 dxc6 49. Kb6 Rd7 50. a7 Rd8
51. Kb7 Kxh4 52. Rg7 e5 53. dxe5 fxe5 54. a8=Q Rxa8 55. Kxa8 e4 56. Re7 Kg4
57. Rxe4+ Kf5 58. Rc4 Ke5 59. Kb7 Kd5 60. Kb6 Kxc4 61. Kxc6 Kd4 62. Kb6 Kd5
63. c6 Kd6 64. c7 Kd7 65. Kb7 Ke7 66. c8=Q Kd6 67. Qe8 Kd5 68. Qc6+ Ke5 69.
Kc7 Kd4 70. Kd7 Ke5 71. Qe6+ Kd4 72. Qf5 Kc4 73. Kc6 Kb3 74. Kb5 Kc3 75. Qe4
Kd2 76. Kc4 Kc1 77. Qg2 Kb1 78. Kb3 Kc1 79. Qc2# {Black checkmated} 1-0

[Event "ICC tourney 1979 (3 2)"]
[Site "Internet Chess Club"]
[Date "2020.08.28"]
[Round "6"]
[White "auggie29"]
[Black "aryababu25"]
[Result "0-1"]
[ICCResult "White checkmated"]
[WhiteElo "1232"]
[BlackElo "1391"]
[Opening "Queen's pawn, Mason variation, Steinitz counter-gambit"]
[ECO "D00"]
[NIC "QP.08"]
[Time "21:03:36"]
[TimeControl "180+2"]

1. d4 d5 2. Bf4 c5 3. c3 Nc6 4. Nf3 Nf6 5. e3 Bg4 6. h3 Bh5 7. Nbd2 e6 8. c4
cxd4 9. exd4 Nxd4 10. cxd5 Nxd5 11. Be3 Nxe3 12. fxe3 Nc6 13. Be2 Bd6 14.
Qc2 O-O 15. O-O-O Rc8 16. Kb1 Bg6 17. e4 Bf4 18. Bd3 Nb4 19. Qb3 Qxd3+ 20.
Qxd3 Nxd3 21. Nb3 Bxe4 22. Rhf1 Nf2+ 23. Ka1 Nxd1 24. Rxd1 Rfd8 25. Rxd8+
Rxd8 26. a3 Rd1+ 27. Ka2 Bb1+ 28. Ka1 Bc2+ 29. Ka2 Bb1+ 30. Ka1 Be4+ 31. Ka2
Bd5 32. a4 Rd3 33. Nd4 Rxd4 34. Ka1 Rxa4+ 35. Kb1 Bxb3 36. g3 Bxg3 37. h4
Rc4 38. h5 Bf4 39. h6 Rc1# {White checkmated} 0-1

[Event "ICC tourney 1979 (3 2)"]
[Site "Internet Chess Club"]
[Date "2020.08.28"]
[Round "6"]
[White "MIEMBR"]
[Black "Viking21"]
[Result "0-1"]
[ICCResult "White forfeits on time"]
[WhiteElo "1521"]
[BlackElo "1527"]
[Opening "Queen's pawn game, Darooha variation "]
[ECO "D02"]
[NIC "QP.08"]
[Time "21:03:39"]
[TimeControl "180+2"]

1. d4 d5 2. Nf3 Nf6 3. g3 e6 4. Bg2 c5 5. O-O Bd6 6. c4 O-O 7. cxd5 Nxd5 8.
dxc5 Bxc5 9. Qc2 Bb6 10. a3 Nc6 11. Rd1 Qe7 12. Bf4 Nxf4 13. gxf4 e5 14.
fxe5 Nxe5 15. Nc3 Nxf3+ 16. Bxf3 Qg5+ 17. Kh1 Bf5 18. e4 Bg6 19. Rg1 Qf4 20.
Rg3 Rfd8 21. Ne2 Qe5 22. Nc3 Rac8 23. Qe2 Qf4 24. Nd5 Qe5 25. Nxb6 axb6 26.
Rd1 Rd4 27. Rxd4 Qxd4 28. Kg2 Rc1 29. e5 Rc2 30. Qe1 Rxb2 31. Bxb7 h5 32. e6
h4 33. exf7+ Bxf7 34. Rf3 Qg4+ 35. Kh1 h3 36. Rg3 Qf4 37. Rf3 Qg5 38. Rg3
Qh4 39. Qg1 Qh6 40. Bf3 Ra2 {White forfeits on time} 0-1

[Event "ICC tourney 1979 (3 2)"]
[Site "Internet Chess Club"]
[Date "2020.08.28"]
[Round "6"]
[White "jthebest"]
[Black "nbankulla"]
[Result "1-0"]
[ICCResult "Black forfeits on time"]
[WhiteElo "1268"]
[BlackElo "1146"]
[Opening "Giuoco Piano"]
[ECO "C54"]
[NIC "IG.02"]
[Time "21:03:35"]
[TimeControl "180+2"]

1. e4 e5 2. Nf3 Nc6 3. Bc4 Bc5 4. c3 Nf6 5. Ng5 O-O 6. O-O d6 7. Nf3 Bg4 8.
h3 Bh5 9. d3 h6 10. Be3 Bb6 11. Nbd2 Re8 12. Re1 Qd7 13. Nf1 Ne7 14. Ng3 Ng6
15. Rc1 c6 16. Rc2 d5 17. Bb3 Rad8 18. a3 d4 19. cxd4 Bxd4 20. Bxd4 Qxd4 21.
Nxh5 Qxd3 22. Nxf6+ gxf6 23. Qxd3 Rxd3 24. Bc4 Rd7 25. Rc3 Red8 26. Rb3 b5
27. Be2 Nf4 28. Re3 Rd2 29. Nxd2 Rxd2 30. Bf3 Rxb2 31. Rc3 Ra2 32. Rc5 Rxa3
33. Rxc6 a5 34. Ra6 b4 35. Ra8+ Kg7 36. Bd1 a4 37. Bxa4 b3 38. Re3 b2 39.
Rxa3 b1=Q+ 40. Kh2 Nh5 41. Bd7 Qxe4 42. Rf3 Nf4 43. Rg3+
{Black forfeits on time}
1-0